 Dungeon Crawl Stone Soup version 0.32-a0-913-g739538afd8 (webtiles) character file.

Game seed: 16170203904226967161

141 jasper the Chopper (level 5, -4/61 HPs)
             Began as a Demonspawn Berserker on Apr 9, 2024.
             Was a Priest of Trog.
             Succumbed to Ijyb's poison
             ... on level 3 of the Dungeon.
             The game lasted 00:02:51 (2108 turns).

jasper the Chopper (Demonspawn Berserker)           Turns: 2108, Time: 00:02:51

Health: -4/61      AC: 13    Str: 20    XL:     5   Next: 3%
Magic:  5/5        EV:  7    Int:  7    God:    Trog [***...]
Gold:   135        SH:  0    Dex: 12    Spells: 4/4 levels left

rFire   . . .        h - +2 hand axe (vamp)
rCold   . . .        (no shield)
rNeg    . . .        e - +0 chain mail
rPois   .            q - +0 helmet
rElec   .            c - +0 cloak
rCorr   .            (no gloves)
SInv    .            (no boots)
Will    .....        (no amulet) Stlth
                     (no ring)
HPRegen 0.30/turn    (no ring)
MPRegen 0.09/turn

%: no passive effects
@: berserking, lethally poisoned (-4 -> -33), very quick
A: slimy green scales 2, demonic magic 1
a: Renounce Religion, Berserk, Trog's Hand


You were on level 3 of the Dungeon.
You worshipped Trog.
Trog was most pleased with you.
You visited 1 branch of the dungeon, and saw 3 of its levels.

You collected 135 gold pieces.

Inventory:

Hand Weapons
 a - a +0 hand axe
 h - a +2 vampiric hand axe (weapon)
 o - a +0 flail
 r - a +0 broad axe
Missiles
 d - 28 stones (quivered)
 m - 4 silver javelins
Armour
 b - a +0 animal skin
 c - a +0 cloak (worn)
 e - a +0 chain mail (worn)
 q - a +0 helmet (worn)
Scrolls
 g - 2 scrolls of teleportation
 n - a scroll of identify
Potions
 f - 2 potions of curing
 i - 2 potions of lignification {unknown}
 j - a potion of ambrosia {unknown}
 k - a potion of degeneration {unknown}
 l - a potion of mutation {unknown}
 p - 2 potions of haste {unknown}


   Skills:
 - Level 3.0 Fighting
 + Level 5.2 Axes
 - Level 1.7 Armour
 - Level 1.7 Dodging


You had 4 spell levels left.
You didn't know any spells.
Your spell library was empty.

Dungeon Overview and Level Annotations

Branches:
Dungeon (3/15)

Altars:

Annotations:
D:3 2 runed translucent doors, Ijyb; uglyjohn's ghost, amateur MiHu


Innate Abilities, Weirdness & Mutations

You are mostly covered in slimy green scales. (AC +3)
Spells you cast may paralyse adjacent enemies.


Message History

You hit Ijyb.
You feel better.
Ijyb is moderately wounded.
You feel extremely sick. Ijyb hits you but does no damage.
You are lethally poisoned!
You take 6 damage, and have 23/41 hp.
A red film seems to cover your vision as you go berserk!
You feel yourself moving faster!
You feel mighty!
You feel extremely sick.
Ijyb hits you with a +1 dagger of venom.
You are more poisoned.
You now have 26/61 hp.
You barely miss Ijyb.
Ijyb is moderately wounded.
You feel very sick.
Ijyb hits you with a +1 dagger of venom.
You are more poisoned.
You take 6 damage, and have 20/61 hp.
You barely miss Ijyb.
Ijyb is moderately wounded.
* * * LOW HITPOINT WARNING * * *
You feel extremely sick. Ijyb hits you but does no damage.
You are more poisoned.
You take 7 damage, and have 13/61 hp.
You closely miss Ijyb.
Ijyb is moderately wounded.
* * * LOW HITPOINT WARNING * * *
You feel extremely sick. Ijyb screams, "I no like you!" Ijyb barely misses you.
You take 7 damage, and have 6/61 hp.
You barely miss Ijyb.
Ijyb is moderately wounded.
* * * LOW HITPOINT WARNING * * *
You feel very sick.
You take 5 damage, and have 1/61 hp.
You closely miss Ijyb.
Ijyb is moderately wounded.
You die...

#..... .........#......
.# #............ ### .#
.###............ .. #.#
...#............ .. ..#
...#............ .#...#
...#............ .#...#
...#...........g###.....#
...........#....@...#.#
.##.....##########..#.#
.##.....##............#
........##...[........#
........##............#
........##...........##
.....................#
..............#####.##
...#####.....## .#


You could see Ijyb.

Vanquished Creatures
  Robin (D:3)
  4 gnolls (D:3)
  An adder (D:2)
  3 dart slugs
  6 bats
  4 endoplasms
  2 giant cockroaches
  19 goblins
  8 hobgoblins
  4 jackals (D:2)
  2 kobolds (D:1)
  A quokka (D:1)
  6 ball pythons
  A frilled lizard (D:1)
  10 rats
72 creatures vanquished.

Notes
Turn   | Place    | Note
-------+----------+-------------------------------------------
     0 | D:1      | jasper the Demonspawn Berserker began the quest for the
                  | Orb.
     0 | D:1      | Reached XP level 1. HP: 18/18 MP: 1/1
    21 | D:1      | Reached skill level 3 in Axes
   169 | D:1      | Gained mutation: You are partially covered in slimy green
                  | scales. (AC +2) [demonic ancestry]
   169 | D:1      | Reached XP level 2. HP: 24/24 MP: 2/2
   351 | D:1      | Reached ** piety under Trog
   454 | D:1      | Gained mutation: Spells you cast may paralyse adjacent
                  | enemies. [demonic ancestry]
   454 | D:1      | Reached XP level 3. HP: 29/29 MP: 3/3
   641 | D:1      | You fall into a shaft and drop 1 floor!
   741 | D:1      | Reached skill level 4 in Axes
   839 | D:2      | Found a faded altar of an unknown god.
  1863 | D:3      | Gained mutation: You are mostly covered in slimy green
                  | scales. (AC +3) [demonic ancestry]
  1863 | D:3      | Reached XP level 4. HP: 35/35 MP: 4/4
  1884 | D:3      | Reached skill level 5 in Axes
  1915 | D:3      | Found a runed translucent door.
  1916 | D:3      | Noticed uglyjohn's ghost (amateur MiHu)
  1930 | D:3      | Noticed Robin
  1942 | D:3      | Reached *** piety under Trog
  1955 | D:3      | Killed Robin
  1956 | D:3      | Reached XP level 5. HP: 37/41 MP: 5/5
  1989 | D:3      | Found a runed translucent door.
  2093 | D:3      | Noticed Ijyb
  2096 | D:3      | Paralysed by Ijyb for 2 turns
  2107 | D:3      | HP: 1/61 [poisoned by Ijyb]
  2108 | D:3      | Succumbed to Ijyb's poison

Illustrated notes

Levels and vault maps discovered:
D:1:      mushboom_english_gardens, layout_basic, minmay_misc_feat_cross,
          chequers_garden, minmay_tetromino_s4
D:2:      layout_basic, ebering_ecumenical_altar_abandoned,
          grunt_decor_resistance, chequers_big_river, minmay_misc_feat_doors
D:3:      layout_basic, ebering_ghost_sewer_f, st_stairs_9, uniq_robin,
          uniq_ijyb, uniq_sigmund

Skill      XL: |  1  2  3  4 |
---------------+-------------+-----
Axes           | 3 4 5 |  5.2
Fighting       | |  3.0
Armour         | |  1.7
Dodging        | |  1.7

Action                     |  1- 3 |  4- 6 || total
---------------------------+-------+-------++-------
  Melee: Hand axe          |    99 |    44 ||   143
 Invoke: Berserk           |       |     2 ||     2
    Use: Scroll            |     4 |       ||     4
 Armour: Animal skin       |     6 |       ||     6
         Chain mail        |    88 |    51 ||   139
  Dodge: Dodged            |    60 |    22 ||    82

Table legend: (Time is in decaauts)
 A = Elapsed time spent in this place.
 B = Non-inter-level travel time spent in this place.
 C = Inter-level travel time spent in this place.
 D = Time resting spent in this place.
 E = Time spent auto-exploring this place.
 F = Levels seen in this place.
 G = Mean time per level.
                   A        B        C        D        E       F      G
               +--------+--------+--------+--------+--------+-----+--------+
         Total |   2137 |   2110 |     27 |      0 |   1641 |   3 |  712.3 |
       Dungeon |   2137 |   2110 |     27 |      0 |   1641 |   3 |  712.3 |
               +--------+--------+--------+--------+--------+-----+--------+

Top non-repeatable levels by time:
     D:2: 1027 daAuts
     D:1: 758 daAuts
     D:3: 352 daAuts
